BUFFALO Sabres vs FLORIDA Panthers

Created - 27 mars 2024 at 16:16

Goals
1 2 3 T
BUFFALO Sabres 4 0 1 5
FLORIDA Panthers 0 2 2 4
Shots
1 2 3 T
BUFFALO Sabres 10 10 6 26
FLORIDA Panthers 6 13 13 32

1st period

1. BUFFALO Sabres , Ivan Provorov 15 (Jack Eichel 35, Seth Jarvis 10) at 0:30
2. BUFFALO Sabres , Valeri Nichushkin 16 (Jesper Bratt 31) at 8:46
3. BUFFALO Sabres , Logan O'Connor 7 (Tage Thompson 23, Mason McTavish 3) at 9:47
4. BUFFALO Sabres , Curtis Lazar 2 (Brett Kulak 16, Filip Hronek 33) at 17:37

Penalties :
Nico Hischier (BUF) for Interference (Minor) at 3:14, Matthew Tkachuk (FLO) for Hooking (Minor) at 4:21, Filip Hronek (BUF) for Tripping (Minor) at 10:17, Matthew Tkachuk (FLO) for Interference (Minor) at 15:05, Jonas Brodin (BUF) for Boarding (Minor) at 18:49

2nd period

5. FLORIDA Panthers , Josh Morrissey 12 (Matthew Tkachuk 37, Steven Stamkos 32) at 0:38 (PP)
6. FLORIDA Panthers , Josh Morrissey 13 (Matthew Tkachuk 38, Carter Verhaeghe 9) at 10:49 (PP)

Penalties :
Brett Kulak (BUF) for Slashing (Minor) at 0:55, Mason McTavish (BUF) for Tripping (Minor) at 10:33, Dougie Hamilton (FLO) for Tripping (Minor) at 18:46

3rd period

7. FLORIDA Panthers , Matthew Tkachuk 22 (Dougie Hamilton 23, Carter Verhaeghe 10) at 3:13 (PP)
8. BUFFALO Sabres , Alex Tuch 25 (Ivan Provorov 31, Seth Jarvis 11) at 6:34
9. FLORIDA Panthers , Yegor Sharangovich 13 (Adam Henrique 12) at 10:37

Penalties :
Nick Bjugstad (BUF) for Tripping (Minor) at 2:22, Matthew Tkachuk (FLO) for Tripping (Minor) at 14:37

Goalie Stats

Igor Shesterkin (BUF), 28 saves from 32 shots - (0,875), W, 33-20-2, 60:00 minutes
Cayden Primeau (FLO), 5 saves from 5 shots - (1,000), 12:27 minutes
Darcy Kuemper (FLO), 16 saves from 21 shots - (0,762), L, 28-24-7, 46:34 minutes

Players Stats for BUFFALO Sabres

Player Name              G  A  P  +/- PIM S  H  SB GA TA FO     MP     PP MP  PK MP  
------------------------------------------------------------------------------------
Alex Tuch                1  0  1   1  0   6  2  0  0  0  1/1    21:14   4:59   2:06 
Brett Kulak              0  1  1   0  2   0  0  2  0  0  0/0    16:49   0:00   1:56 
Curtis Lazar             1  0  1   1  0   1  0  0  0  0  1/1     8:14   0:00   0:21 
Filip Hronek             0  1  1   0  2   0  0  1  0  0  0/0    17:58   2:24   0:21 
Ivan Provorov            1  1  2   3  0   2  6  2  0  0  0/0    25:33   4:40   4:54 
Jack Eichel              0  1  1   1  0   3  0  0  0  0  5/18   17:06   2:05   0:00 
Jakob Chychrun           0  0  0   1  0   0  1  0  0  0  0/0    16:52   2:24   0:26 
Jesper Bratt             0  1  1   1  0   0  0  0  0  0  0/1    16:46   4:59   0:00 
Jon Merrill              0  0  0   1  0   1  1  1  0  0  0/0    18:26   0:00   4:44 
Jonas Brodin             0  0  0   3  2   3  2  0  0  0  0/0    24:19   4:40   3:41 
Logan O'Connor           1  0  1   1  0   2  0  0  0  0  1/1    16:09   0:00   5:55 
Mason McTavish           0  1  1   1  2   2  0  0  0  0  0/0     9:34   0:00   0:00 
Mattias Janmark          0  0  0   1  0   0  0  1  0  0  0/0     7:53   0:00   0:00 
Nick Bjugstad            0  0  0   1  2   1  0  0  0  0  4/10   11:05   0:00   2:34 
Nico Hischier            0  0  0   1  2   4  3  0  0  0  17/36  22:30   4:59   5:06 
Seth Jarvis              0  2  2   1  0   0  1  0  0  0  1/1    14:09   0:00   0:00 
Tage Thompson            0  1  1   1  0   0  1  0  0  0  3/6    12:32   2:05   0:00 
Valeri Nichushkin        1  0  1   1  0   1  2  0  0  0  0/2    13:52   2:05   0:00 

Players Stats for FLORIDA Panthers

Player Name              G  A  P  +/- PIM S  H  SB GA TA FO     MP     PP MP  PK MP  
------------------------------------------------------------------------------------
Adam Henrique            0  1  1  -1  0   0  0  0  0  0  7/10   12:09   0:00   2:15 
Brady Skjei              0  0  0   0  0   0  6  1  0  0  0/0    21:38   2:53   3:51 
Brandon Saad             0  0  0   0  0   2  0  0  0  0  1/1    16:34   3:32   0:00 
Brock Nelson             0  0  0   0  0   4  1  0  0  0  1/1    21:38   3:32   4:44 
Carter Verhaeghe         0  2  2  -3  0   0  0  0  0  0  0/1    21:52   4:29   0:00 
Connor Murphy            0  0  0  -1  0   1  1  0  0  0  0/0    18:08   1:50   3:13 
Derek Grant              0  0  0   0  0   1  0  0  0  0  3/5     4:16   0:00   0:00 
Dougie Hamilton          0  1  1   0  2   2  0  1  0  0  0/0    19:36   6:11   0:00 
Eetu Luostarinen         0  0  0  -1  0   1  1  0  0  0  0/1    12:14   0:00   2:20 
Jake Walman              0  0  0  -1  0   1  5  0  0  0  0/0    16:38   0:00   3:13 
Jordan Martinook         0  0  0   0  0   2  2  0  0  0  0/0     4:21   0:00   0:05 
Josh Morrissey           2  0  2  -3  0   4  2  1  0  0  0/0    22:04   5:08   0:00 
Matthew Tkachuk          1  2  3  -3  6   4  2  0  0  0  0/2    21:17   4:28   0:00 
Ryan McDonagh            0  0  0  -3  0   0  7  1  0  0  0/0    21:55   0:00   3:51 
Ryan McLeod              0  0  0   0  0   0  0  0  0  0  0/0     4:16   0:00   0:00 
Steven Stamkos           0  1  1  -3  0   3  2  0  0  0  18/29  22:12   4:29   0:00 
Vincent Trocheck         0  0  0   0  0   5  2  0  0  0  14/27  21:18   3:32   4:44 
Yegor Sharangovich       1  0  1  -1  0   2  0  0  0  0  0/0     9:54   0:00   0:00 

3 Stars

1 - Ivan Provorov (BUF)
2 - Alex Tuch (BUF)
3 - Valeri Nichushkin (BUF)

Power Play

BUFFALO Sabres - 0 on 4 Attempt(s) - 0,00%
FLORIDA Panthers - 3 on 6 Attempt(s) - 50,00%

Penalty Kill

BUFFALO Sabres - 3 on 6 Attempt(s) - 50,00% - Score 0 goal in Penalty Kill
FLORIDA Panthers - 4 on 4 Attempt(s) - 100,00% - Score 0 goal in Penalty Kill

Team Stat

BUFFALO Sabres - Hits : 19 - Faceoff Wins : 33 - Blocked Shots : 7 - Penalty Minutes : 12
FLORIDA Panthers - Hits : 31 - Faceoff Wins : 44 - Blocked Shots : 4 - Penalty Minutes : 8

Official

Referees : Trevor Hanson and Corey Syvret
Linesman : Erin Blair and Veronica Lovensno

Game Notes

Cayden Primeau enters game at 6:34 of 3rd period

Finance

Level 1 -- Attendance: 4955 (78,03%) -- Ticket Income $495,500
Level 2 -- Attendance: 5200 (100,00%) -- Ticket Income $296,400
Level 3 -- Attendance: 2698 (89,93%) -- Ticket Income $86,336
Level 4 -- Attendance: 4533 (98,54%) -- Ticket Income $90,660
Luxury Box -- Attendance: 965 (94,15%) -- Ticket Income $188,175
Game was played at the BB-T Center.
Total Attendance: 18351 (90,96%)
Total Ticket Income: $1,157,071
Other Income: $289,268
Total Income: $1,446,339

BUFFALO Sabres

5 vs 5 Forward 
   Center                   Left Wing                Right Wing               Time % Phy DF OF 
 1 Jack Eichel              Alex Tuch                Seth Jarvis              37     0   2  3  
 2 Nico Hischier            Valeri Nichushkin        Jesper Bratt             33     0   2  3  
 3 Tage Thompson            Mason McTavish           Logan O'Connor           20     1   2  2  
 4 Nick Bjugstad            Mattias Janmark          Curtis Lazar             10     1   2  2  

5 vs 5 Defense 
   Defense                  Defense                                           Time % Phy DF OF 
 1 Ivan Provorov            Jonas Brodin                                      40     1   2  2  
 2 Brett Kulak              Filip Hronek                                      30     1   2  2  
 3 Jakob Chychrun           Jon Merrill                                       20     1   3  1  
 4 Ivan Provorov            Jonas Brodin                                      10     1   3  1  

PowerPlay Forward 
   Center                   Left Wing                Right Wing               Time % Phy DF OF 
 1 Nico Hischier            Alex Tuch                Jesper Bratt             60     1   2  2  
 2 Jack Eichel              Valeri Nichushkin        Tage Thompson            40     1   2  2  

PowerPlay Defense
   Defense                  Defense                                           Time % Phy DF OF 
 1 Ivan Provorov            Jonas Brodin                                      60     1   2  2  
 2 Jakob Chychrun           Filip Hronek                                      40     1   2  2  

Penalty Kill 4 Players Forward 
   Center                   Wing                     Time % Phy DF OF 
 1 Nico Hischier            Logan O'Connor           60     1   2  2  
 2 Nick Bjugstad            Alex Tuch                40     1   2  2  

Penalty Kill 4 Players Defense
   Defense                  Defense                  Time % Phy DF OF 
 1 Ivan Provorov            Jonas Brodin             60     1   2  2  
 2 Brett Kulak              Jon Merrill              40     1   2  2  

Penalty Kill - 3 Players Forward 
   Forward                                           Time % Phy DF OF 
 1 Nico Hischier                                     60     1   2  2  
 2 Nick Bjugstad                                     40     1   2  2  

Penalty Kill - 3 Players Defense
   Defense                  Defense                  Time % Phy DF OF 
 1 Ivan Provorov            Jonas Brodin             60     1   2  2  
 2 Brett Kulak              Jon Merrill              40     1   2  2  

4 vs 4 Forward 
   Center                   Wing                     Time % Phy DF OF 
 1 Nico Hischier            Tage Thompson            60     1   2  2  
 2 Jack Eichel              Jesper Bratt             40     1   2  2  

4 vs 4 Defense
   Defense                  Defense                  Time % Phy DF OF 
 1 Ivan Provorov            Jonas Brodin             60     1   2  2  
 2 Jakob Chychrun           Filip Hronek             40     1   2  2  

Last Minutes Offensive
   Center                   Left Wing                Right Wing               Defense                  Defense                  
   Nico Hischier            Alex Tuch                Jesper Bratt             Ivan Provorov            Jonas Brodin             

Last Minutes Defensive
   Center                   Left Wing                Right Wing               Defense                  Defense                  
   Nico Hischier            Logan O'Connor           Nick Bjugstad            Ivan Provorov            Jonas Brodin             

Goaltenders
Starting : Igor Shesterkin          
Backup : Connor Ingram            

Extra Forwards
Normal : Jack Eichel, Nico Hischier, Tage Thompson - PP : Jack Eichel, Nico Hischier - PK : Nico Hischier
Extra Defensemen
Normal : Ivan Provorov, Jonas Brodin, Jakob Chychrun - PP : Ivan Provorov - PK : Jon Merrill, Jonas Brodin
Penalty Shots
Nico Hischier, Tage Thompson, Alex Tuch, Jesper Bratt, Jack Eichel

Scratches
Andrew Cogliano (Healthy), Henri Jokiharju (Healthy)

FLORIDA Panthers

5 vs 5 Forward 
   Center                   Left Wing                Right Wing               Time % Phy DF OF 
 1 Steven Stamkos           Carter Verhaeghe         Matthew Tkachuk          40     1   2  2  
 2 Vincent Trocheck         Brock Nelson             Brandon Saad             30     1   1  3  
 3 Adam Henrique            Eetu Luostarinen         Yegor Sharangovich       20     1   2  2  
 4 Derek Grant              Ryan McLeod              Jordan Martinook         10     1   2  2  

5 vs 5 Defense 
   Defense                  Defense                                           Time % Phy DF OF 
 1 Josh Morrissey           Ryan McDonagh                                     40     1   2  2  
 2 Dougie Hamilton          Brady Skjei                                       30     1   2  2  
 3 Connor Murphy            Jake Walman                                       20     1   2  2  
 4 Brady Skjei              Ryan McDonagh                                     10     1   2  2  

PowerPlay Forward 
   Center                   Left Wing                Right Wing               Time % Phy DF OF 
 1 Steven Stamkos           Carter Verhaeghe         Matthew Tkachuk          60     1   1  3  
 2 Vincent Trocheck         Brock Nelson             Brandon Saad             40     1   1  3  

PowerPlay Defense
   Defense                  Defense                                           Time % Phy DF OF 
 1 Josh Morrissey           Dougie Hamilton                                   70     1   1  3  
 2 Brady Skjei              Dougie Hamilton                                   30     1   1  3  

Penalty Kill 4 Players Forward 
   Center                   Wing                     Time % Phy DF OF 
 1 Vincent Trocheck         Brock Nelson             60     1   3  1  
 2 Adam Henrique            Eetu Luostarinen         40     1   4  0  

Penalty Kill 4 Players Defense
   Defense                  Defense                  Time % Phy DF OF 
 1 Ryan McDonagh            Brady Skjei              60     1   3  1  
 2 Connor Murphy            Jake Walman              40     1   3  1  

Penalty Kill - 3 Players Forward 
   Forward                                           Time % Phy DF OF 
 1 Eetu Luostarinen                                  60     0   5  0  
 2 Vincent Trocheck                                  40     0   5  0  

Penalty Kill - 3 Players Defense
   Defense                  Defense                  Time % Phy DF OF 
 1 Connor Murphy            Ryan McDonagh            60     1   4  0  
 2 Brady Skjei              Jake Walman              40     1   4  0  

4 vs 4 Forward 
   Center                   Wing                     Time % Phy DF OF 
 1 Steven Stamkos           Matthew Tkachuk          60     1   2  2  
 2 Vincent Trocheck         Brock Nelson             40     1   2  2  

4 vs 4 Defense
   Defense                  Defense                  Time % Phy DF OF 
 1 Josh Morrissey           Ryan McDonagh            60     1   2  2  
 2 Brady Skjei              Jake Walman              40     1   2  2  

Last Minutes Offensive
   Center                   Left Wing                Right Wing               Defense                  Defense                  
   Steven Stamkos           Carter Verhaeghe         Matthew Tkachuk          Josh Morrissey           Dougie Hamilton          

Last Minutes Defensive
   Center                   Left Wing                Right Wing               Defense                  Defense                  
   Vincent Trocheck         Brock Nelson             Brandon Saad             Ryan McDonagh            Connor Murphy            

Goaltenders
Starting : Darcy Kuemper            
Backup : Cayden Primeau           

Extra Forwards
Normal : Steven Stamkos, Matthew Tkachuk, Carter Verhaeghe - PP : Yegor Sharangovich, Adam Henrique - PK : Eetu Luostarinen
Extra Defensemen
Normal : Brady Skjei, Dougie Hamilton, Connor Murphy - PP : Dougie Hamilton - PK : Ryan McDonagh, Connor Murphy
Penalty Shots
Steven Stamkos, Matthew Tkachuk, Brock Nelson, Carter Verhaeghe, Vincent Trocheck

Scratches
None


% Time on Ice - BUFFALO Sabres

Lines # - Real PCT - Wanted PCT - Time Play
Normal Forward
1 - 33% - 37% - 14:09
2 - 27% - 33% - 11:47
3 - 22% - 20% - 9:35
4 - 18% - 10% - 7:53
Normal Defense
1 - 32% - 40% - 13:57
2 - 34% - 30% - 14:54
3 - 30% - 20% - 13:10
4 - 3% - 10% - 1:23
PP Forward
1 - 71% - 60% - 4:59
2 - 29% - 40% - 2:05
PP Defense
1 - 66% - 60% - 4:40
2 - 34% - 40% - 2:24
PK Forward
1 - 74% - 60% - 5:55
2 - 26% - 40% - 2:06
PK Defense
1 - 62% - 60% - 4:56
2 - 38% - 40% - 3:05
PK3 Forward
1 - 0% - 60%
2 - 0% - 40%
PK3 Defense
1 - 0% - 60%
2 - 0% - 40%
44 Forward
1 - 100% - 60% - 0:52
2 - 0% - 40% - 0:00
44 Defense
1 - 62% - 60% - 0:32
2 - 38% - 40% - 0:20
Last Minute Offensive  - 0:00
Last Minute Defensive  - 0:39
Total
Forward - 60:00
Defense - 60:00

% Time on Ice - FLORIDA Panthers

Lines # - Real PCT - Wanted PCT - Time Play
Normal Forward
1 - 37% - 40% - 16:12
2 - 30% - 30% - 13:02
3 - 23% - 20% - 9:54
4 - 10% - 10% - 4:16
Normal Defense
1 - 36% - 40% - 15:45
2 - 29% - 30% - 12:47
3 - 30% - 20% - 13:05
4 - 4% - 10% - 1:47
PP Forward
1 - 56% - 60% - 4:29
2 - 44% - 40% - 3:32
PP Defense
1 - 64% - 70% - 5:08
2 - 36% - 30% - 2:53
PK Forward
1 - 68% - 60% - 4:49
2 - 32% - 40% - 2:15
PK Defense
1 - 54% - 60% - 3:51
2 - 46% - 40% - 3:13
PK3 Forward
1 - 0% - 60%
2 - 0% - 40%
PK3 Defense
1 - 0% - 60%
2 - 0% - 40%
44 Forward
1 - 100% - 60% - 0:52
2 - 0% - 40% - 0:00
44 Defense
1 - 62% - 60% - 0:32
2 - 38% - 40% - 0:20
Last Minute Offensive  - 0:39
Last Minute Defensive  - 0:00
Total
Forward - 60:00
Defense - 60:00

Play-by-Play

1st period


0:01 of 1st period - Jack Eichel wins face-off versus Steven Stamkos in neutral zone.
0:28 of 1st period - Shot by Jack Eichel.
0:28 of 1st period - Shot Blocked by Josh Morrissey.
0:30 of 1st period - Shot by Ivan Provorov.
0:30 of 1st period - Goal by Ivan Provorov - BUFFALO Sabres : 1 - FLORIDA Panthers : 0.
0:31 of 1st period - Nico Hischier wins face-off versus Vincent Trocheck in neutral zone.
0:48 of 1st period - Filip Hronek is hit by Brady Skjei and loses puck.
0:56 of 1st period - Off-side.
0:57 of 1st period - Adam Henrique wins face-off versus Tage Thompson in neutral zone.
1:00 of 1st period - Shot by Yegor Sharangovich.
1:00 of 1st period - Shot Misses the Net.
1:51 of 1st period - Off-side.
1:52 of 1st period - Steven Stamkos wins face-off versus Nico Hischier in neutral zone.
3:14 of 1st period - Minor Penalty to Nico Hischier for Interference.
3:15 of 1st period - Vincent Trocheck wins face-off versus Nick Bjugstad in BUFFALO Sabres zone.
3:36 of 1st period - Shot by Josh Morrissey.
3:36 of 1st period - Shot Blocked by Brett Kulak.
4:21 of 1st period - Minor Penalty to Matthew Tkachuk for Hooking.
4:22 of 1st period - Steven Stamkos wins face-off versus Jack Eichel in FLORIDA Panthers zone.
4:29 of 1st period - Shot by Steven Stamkos.
4:29 of 1st period - Deflect By Brock Nelson.
4:29 of 1st period - Shot Misses the Net.
4:41 of 1st period - Shot by Steven Stamkos.
4:41 of 1st period - Stopped by Igor Shesterkin without a rebound.
4:42 of 1st period - Steven Stamkos wins face-off versus Jack Eichel in BUFFALO Sabres zone.
4:45 of 1st period - Shot by Carter Verhaeghe.
4:45 of 1st period - Shot Misses the Net.
4:47 of 1st period - Shot by Carter Verhaeghe.
4:47 of 1st period - Shot Blocked by Ivan Provorov.
5:24 of 1st period - Off-side.
5:25 of 1st period - Vincent Trocheck wins face-off versus Nico Hischier in neutral zone.
5:25 of 1st period - Vincent Trocheck is hit by Nico Hischier.
5:35 of 1st period - Shot by Alex Tuch.
5:35 of 1st period - Stopped by Darcy Kuemper without a rebound.
5:36 of 1st period - Vincent Trocheck wins face-off versus Nico Hischier in FLORIDA Panthers zone.
6:43 of 1st period - Shot by Logan O'Connor.
6:43 of 1st period - Shot Misses the Net.
6:51 of 1st period - Shot by Tage Thompson.
6:51 of 1st period - Shot Misses the Net.
6:53 of 1st period - Shot by Mason McTavish.
6:53 of 1st period - Stopped by Darcy Kuemper without a rebound.
6:54 of 1st period - Steven Stamkos wins face-off versus Nick Bjugstad in FLORIDA Panthers zone.
8:16 of 1st period - Shot by Vincent Trocheck.
8:16 of 1st period - Shot Misses the Net.
8:18 of 1st period - Shot by Brandon Saad.
8:18 of 1st period - Deflect By Brock Nelson.
8:18 of 1st period - Stopped by Igor Shesterkin without a rebound.
8:19 of 1st period - Nico Hischier wins face-off versus Adam Henrique in BUFFALO Sabres zone.
8:23 of 1st period - Jonas Brodin is hit by Brady Skjei and loses puck.
8:46 of 1st period - Shot by Valeri Nichushkin.
8:46 of 1st period - Goal by Valeri Nichushkin - BUFFALO Sabres : 2 - FLORIDA Panthers : 0.
8:47 of 1st period - Brock Nelson wins face-off versus Tage Thompson in neutral zone.
9:07 of 1st period - Icing by Jakob Chychrun.
9:08 of 1st period - Tage Thompson wins face-off versus Matthew Tkachuk in BUFFALO Sabres zone.
9:08 of 1st period - Jon Merrill is hit by Matthew Tkachuk.
9:09 of 1st period - Icing by Jon Merrill.
9:10 of 1st period - Logan O'Connor wins face-off versus Steven Stamkos in BUFFALO Sabres zone.
9:15 of 1st period - Shot by Tage Thompson.
9:15 of 1st period - Shot Misses the Net.
9:47 of 1st period - Shot by Tage Thompson.
9:47 of 1st period - Deflect By Logan O'Connor.
9:47 of 1st period - Goal by Logan O'Connor - BUFFALO Sabres : 3 - FLORIDA Panthers : 0.
9:48 of 1st period - Jack Eichel wins face-off versus Vincent Trocheck in neutral zone.
10:00 of 1st period - Icing by Dougie Hamilton.
10:01 of 1st period - Vincent Trocheck wins face-off versus Valeri Nichushkin in FLORIDA Panthers zone.
10:17 of 1st period - Minor Penalty to Filip Hronek for Tripping.
10:18 of 1st period - Nico Hischier wins face-off versus Steven Stamkos in BUFFALO Sabres zone.
10:43 of 1st period - Matthew Tkachuk is hit by Ivan Provorov and loses puck.
11:11 of 1st period - Icing by Brady Skjei.
11:12 of 1st period - Vincent Trocheck wins face-off versus Nico Hischier in FLORIDA Panthers zone.
11:25 of 1st period - Shot by Vincent Trocheck.
11:25 of 1st period - Shot Misses the Net.
11:55 of 1st period - Shot by Brock Nelson.
11:55 of 1st period - Shot Misses the Net.
11:57 of 1st period - Shot by Vincent Trocheck.
11:57 of 1st period - Stopped by Igor Shesterkin without a rebound.
11:58 of 1st period - Nick Bjugstad wins face-off versus Steven Stamkos in BUFFALO Sabres zone.
11:58 of 1st period - Nick Bjugstad is hit by Matthew Tkachuk.
12:56 of 1st period - Shot by Eetu Luostarinen.
12:56 of 1st period - Stopped by Igor Shesterkin with a rebound.
13:09 of 1st period - Off-side.
13:10 of 1st period - Nick Bjugstad wins face-off versus Steven Stamkos in neutral zone.
13:44 of 1st period - Shot by Matthew Tkachuk.
13:44 of 1st period - Stopped by Igor Shesterkin without a rebound.
13:45 of 1st period - Nico Hischier wins face-off versus Vincent Trocheck in BUFFALO Sabres zone.
14:22 of 1st period - Shot by Nico Hischier.
14:22 of 1st period - Shot Misses the Net.
14:24 of 1st period - Shot by Nico Hischier.
14:24 of 1st period - Deflect By Jesper Bratt.
14:24 of 1st period - Shot Misses the Net.
14:26 of 1st period - Shot by Jon Merrill.
14:26 of 1st period - Stopped by Darcy Kuemper with a rebound.
14:30 of 1st period - Shot by Jesper Bratt.
14:30 of 1st period - Shot Misses the Net.
15:01 of 1st period - Ivan Provorov is hit by Josh Morrissey and loses puck.
15:05 of 1st period - Minor Penalty to Matthew Tkachuk for Interference.
15:06 of 1st period - Nico Hischier wins face-off versus Adam Henrique in FLORIDA Panthers zone.
15:09 of 1st period - Shot by Alex Tuch.
15:09 of 1st period - Stopped by Darcy Kuemper without a rebound.
15:10 of 1st period - Adam Henrique wins face-off versus Valeri Nichushkin in FLORIDA Panthers zone.
15:18 of 1st period - Icing by Valeri Nichushkin.
15:19 of 1st period - Jack Eichel wins face-off versus Vincent Trocheck in BUFFALO Sabres zone.
15:24 of 1st period - Shot by Ivan Provorov.
15:24 of 1st period - Stopped by Darcy Kuemper without a rebound.
15:25 of 1st period - Alex Tuch wins face-off versus Vincent Trocheck in FLORIDA Panthers zone.
15:30 of 1st period - Shot by Filip Hronek.
15:30 of 1st period - Shot Misses the Net.
16:07 of 1st period - Shot by Nico Hischier.
16:07 of 1st period - Shot Misses the Net.
16:56 of 1st period - Tage Thompson is hit by Jake Walman and loses puck.
16:59 of 1st period - Shot by Jonas Brodin.
16:59 of 1st period - Stopped by Darcy Kuemper without a rebound.
17:00 of 1st period - Nico Hischier wins face-off versus Eetu Luostarinen in FLORIDA Panthers zone.
17:10 of 1st period - Mattias Janmark is hit by Ryan McDonagh and loses puck.
17:35 of 1st period - Shot by Brett Kulak.
17:35 of 1st period - Shot Misses the Net.
17:37 of 1st period - Shot by Curtis Lazar.
17:37 of 1st period - Goal by Curtis Lazar - BUFFALO Sabres : 4 - FLORIDA Panthers : 0.
17:38 of 1st period - Jack Eichel wins face-off versus Derek Grant in neutral zone.
17:40 of 1st period - Jakob Chychrun is hit by Brady Skjei and loses puck.
18:10 of 1st period - Ryan McLeod is hit by Jon Merrill and loses puck.
18:15 of 1st period - Shot by Brady Skjei.
18:15 of 1st period - Shot Misses the Net.
18:30 of 1st period - Icing by Brady Skjei.
18:31 of 1st period - Derek Grant wins face-off versus Nico Hischier in FLORIDA Panthers zone.
18:31 of 1st period - Derek Grant is hit by Valeri Nichushkin.
18:49 of 1st period - Minor Penalty to Jonas Brodin for Boarding.
18:50 of 1st period - Steven Stamkos wins face-off versus Nico Hischier in BUFFALO Sabres zone.
19:05 of 1st period - Shot by Matthew Tkachuk.
19:05 of 1st period - Stopped by Igor Shesterkin without a rebound.
19:06 of 1st period - Nico Hischier wins face-off versus Vincent Trocheck in BUFFALO Sabres zone.
19:54 of 1st period - Icing by Matthew Tkachuk.
19:55 of 1st period - Steven Stamkos wins face-off versus Nick Bjugstad in FLORIDA Panthers zone.
19:55 of 1st period - Carter Verhaeghe is hit by Alex Tuch.
Goals for this period are 4 for BUFFALO Sabres vs 0 for FLORIDA Panthers.
Shots for this period are 10 for BUFFALO Sabres vs 6 for FLORIDA Panthers.

2nd period


0:01 of 2nd period - Steven Stamkos wins face-off versus Nico Hischier in neutral zone.
0:17 of 2nd period - Shot by Josh Morrissey.
0:17 of 2nd period - Stopped by Igor Shesterkin without a rebound.
0:18 of 2nd period - Vincent Trocheck wins face-off versus Nico Hischier in BUFFALO Sabres zone.
0:18 of 2nd period - Vincent Trocheck is hit by Ivan Provorov.
0:32 of 2nd period - Shot by Brandon Saad.
0:32 of 2nd period - Deflect By Vincent Trocheck.
0:32 of 2nd period - Stopped by Igor Shesterkin without a rebound.
0:33 of 2nd period - Steven Stamkos wins face-off versus Nico Hischier in BUFFALO Sabres zone.
0:38 of 2nd period - Shot by Josh Morrissey.
0:38 of 2nd period - Goal by Josh Morrissey - BUFFALO Sabres : 4 - FLORIDA Panthers : 1.
0:39 of 2nd period - Steven Stamkos wins face-off versus Jack Eichel in neutral zone.
0:55 of 2nd period - Minor Penalty to Brett Kulak for Slashing.
0:56 of 2nd period - Nico Hischier wins face-off versus Vincent Trocheck in BUFFALO Sabres zone.
0:56 of 2nd period - Ivan Provorov is hit by Vincent Trocheck and loses puck.
1:29 of 2nd period - Shot by Brock Nelson.
1:29 of 2nd period - Stopped by Igor Shesterkin with a rebound.
1:31 of 2nd period - Shot by Vincent Trocheck.
1:31 of 2nd period - Stopped by Igor Shesterkin without a rebound.
1:32 of 2nd period - Nico Hischier wins face-off versus Steven Stamkos in BUFFALO Sabres zone.
1:38 of 2nd period - Icing by Brady Skjei.
1:39 of 2nd period - Steven Stamkos wins face-off versus Nico Hischier in FLORIDA Panthers zone.
2:26 of 2nd period - Jonas Brodin is hit by Steven Stamkos.
2:52 of 2nd period - Shot by Josh Morrissey.
2:52 of 2nd period - Stopped by Igor Shesterkin with a rebound.
3:14 of 2nd period - Shot by Seth Jarvis.
3:14 of 2nd period - Deflect By Alex Tuch.
3:14 of 2nd period - Stopped by Darcy Kuemper with a rebound.
3:16 of 2nd period - Shot by Jack Eichel.
3:16 of 2nd period - Shot Misses the Net.
3:20 of 2nd period - Shot by Jack Eichel.
3:20 of 2nd period - Stopped by Darcy Kuemper without a rebound.
3:21 of 2nd period - Nick Bjugstad wins face-off versus Vincent Trocheck in FLORIDA Panthers zone.
3:21 of 2nd period - Nick Bjugstad is hit by Jake Walman.
3:33 of 2nd period - Shot by Brandon Saad.
3:33 of 2nd period - Shot Misses the Net.
3:35 of 2nd period - Shot by Brock Nelson.
3:35 of 2nd period - Shot Misses the Net.
3:49 of 2nd period - Shot by Brock Nelson.
3:49 of 2nd period - Shot Misses the Net.
3:51 of 2nd period - Shot by Brandon Saad.
3:51 of 2nd period - Shot Misses the Net.
3:53 of 2nd period - Shot by Connor Murphy.
3:53 of 2nd period - Shot Blocked by Jon Merrill.
3:55 of 2nd period - Shot by Vincent Trocheck.
3:55 of 2nd period - Stopped by Igor Shesterkin with a rebound.
3:57 of 2nd period - Shot by Connor Murphy.
3:57 of 2nd period - Shot Blocked by Mattias Janmark.
4:17 of 2nd period - Shot by Nico Hischier.
4:17 of 2nd period - Stopped by Darcy Kuemper with a rebound.
4:33 of 2nd period - Shot by Matthew Tkachuk.
4:33 of 2nd period - Deflect By Steven Stamkos.
4:33 of 2nd period - Shot Blocked by Brett Kulak.
4:51 of 2nd period - Shot by Carter Verhaeghe.
4:51 of 2nd period - Shot Misses the Net.
5:52 of 2nd period - Adam Henrique is hit by Alex Tuch and loses puck.
6:01 of 2nd period - Shot by Dougie Hamilton.
6:01 of 2nd period - Shot Misses the Net.
6:39 of 2nd period - Shot by Derek Grant.
6:39 of 2nd period - Stopped by Igor Shesterkin with a rebound.
6:41 of 2nd period - Shot by Connor Murphy.
6:41 of 2nd period - Shot Misses the Net.
6:57 of 2nd period - Shot by Brandon Saad.
6:57 of 2nd period - Stopped by Igor Shesterkin without a rebound.
6:58 of 2nd period - Curtis Lazar wins face-off versus Steven Stamkos in BUFFALO Sabres zone.
6:58 of 2nd period - Ivan Provorov is hit by Steven Stamkos and loses puck.
7:04 of 2nd period - Mattias Janmark is hit by Ryan McDonagh and loses puck.
7:35 of 2nd period - Shot by Nick Bjugstad.
7:35 of 2nd period - Stopped by Darcy Kuemper without a rebound.
7:36 of 2nd period - Vincent Trocheck wins face-off versus Jack Eichel in FLORIDA Panthers zone.
7:45 of 2nd period - Shot by Vincent Trocheck.
7:45 of 2nd period - Shot Blocked by Filip Hronek.
8:02 of 2nd period - Shot by Jack Eichel.
8:02 of 2nd period - Stopped by Darcy Kuemper without a rebound.
8:03 of 2nd period - Adam Henrique wins face-off versus Jesper Bratt in FLORIDA Panthers zone.
9:16 of 2nd period - Shot by Steven Stamkos.
9:16 of 2nd period - Shot Misses the Net.
9:27 of 2nd period - Ivan Provorov is hit by Ryan McDonagh and loses puck.
9:38 of 2nd period - Shot by Alex Tuch.
9:38 of 2nd period - Stopped by Darcy Kuemper without a rebound.
9:39 of 2nd period - Tage Thompson wins face-off versus Vincent Trocheck in FLORIDA Panthers zone.
10:33 of 2nd period - Minor Penalty to Mason McTavish for Tripping.
10:34 of 2nd period - Steven Stamkos wins face-off versus Nick Bjugstad in BUFFALO Sabres zone.
10:47 of 2nd period - Shot by Josh Morrissey.
10:47 of 2nd period - Shot Misses the Net.
10:49 of 2nd period - Shot by Josh Morrissey.
10:49 of 2nd period - Goal by Josh Morrissey - BUFFALO Sabres : 4 - FLORIDA Panthers : 2.
10:50 of 2nd period - Nico Hischier wins face-off versus Adam Henrique in neutral zone.
10:50 of 2nd period - Nico Hischier is hit by Eetu Luostarinen.
11:02 of 2nd period - Yegor Sharangovich is hit by Nico Hischier and loses puck.
11:07 of 2nd period - Shot by Nico Hischier.
11:07 of 2nd period - Stopped by Darcy Kuemper without a rebound.
11:08 of 2nd period - Jack Eichel wins face-off versus Carter Verhaeghe in FLORIDA Panthers zone.
12:11 of 2nd period - Shot by Nico Hischier.
12:11 of 2nd period - Stopped by Darcy Kuemper with a rebound.
12:40 of 2nd period - Valeri Nichushkin is hit by Vincent Trocheck and loses puck.
14:07 of 2nd period - Shot by Jordan Martinook.
14:07 of 2nd period - Stopped by Igor Shesterkin without a rebound.
14:08 of 2nd period - Seth Jarvis wins face-off versus Derek Grant in BUFFALO Sabres zone.
14:08 of 2nd period - Seth Jarvis is hit by Jordan Martinook.
14:11 of 2nd period - Jack Eichel is hit by Jordan Martinook and loses puck.
14:34 of 2nd period - Shot by Jordan Martinook.
14:34 of 2nd period - Stopped by Igor Shesterkin without a rebound.
14:35 of 2nd period - Nico Hischier wins face-off versus Steven Stamkos in BUFFALO Sabres zone.
14:45 of 2nd period - Valeri Nichushkin is hit by Ryan McDonagh and loses puck.
16:13 of 2nd period - Shot by Brandon Saad.
16:13 of 2nd period - Shot Misses the Net.
17:05 of 2nd period - Shot by Logan O'Connor.
17:05 of 2nd period - Stopped by Darcy Kuemper without a rebound.
17:06 of 2nd period - Derek Grant wins face-off versus Nico Hischier in FLORIDA Panthers zone.
17:42 of 2nd period - Off-side.
17:43 of 2nd period - Steven Stamkos wins face-off versus Jack Eichel in neutral zone.
17:52 of 2nd period - Shot by Jake Walman.
17:52 of 2nd period - Stopped by Igor Shesterkin with a rebound.
18:26 of 2nd period - Shot by Alex Tuch.
18:26 of 2nd period - Stopped by Darcy Kuemper without a rebound.
18:27 of 2nd period - Vincent Trocheck wins face-off versus Nico Hischier in FLORIDA Panthers zone.
18:27 of 2nd period - Vincent Trocheck is hit by Nico Hischier.
18:32 of 2nd period - Icing by Brandon Saad.
18:33 of 2nd period - Nico Hischier wins face-off versus Vincent Trocheck in FLORIDA Panthers zone.
18:33 of 2nd period - Nico Hischier is hit by Brady Skjei.
18:38 of 2nd period - Nico Hischier is hit by Brady Skjei and loses puck.
18:46 of 2nd period - Minor Penalty to Dougie Hamilton for Tripping.
18:47 of 2nd period - Nico Hischier wins face-off versus Vincent Trocheck in FLORIDA Panthers zone.
18:57 of 2nd period - Jesper Bratt is hit by Brady Skjei and loses puck.
Goals for this period are 0 for BUFFALO Sabres vs 2 for FLORIDA Panthers.
Shots for this period are 10 for BUFFALO Sabres vs 13 for FLORIDA Panthers.

3rd period


0:01 of 3rd period - Vincent Trocheck wins face-off versus Nico Hischier in neutral zone.
1:26 of 3rd period - Logan O'Connor is hit by Ryan McDonagh.
2:05 of 3rd period - Icing by Jon Merrill.
2:06 of 3rd period - Vincent Trocheck wins face-off versus Nick Bjugstad in BUFFALO Sabres zone.
2:22 of 3rd period - Minor Penalty to Nick Bjugstad for Tripping.
2:23 of 3rd period - Brandon Saad wins face-off versus Nico Hischier in BUFFALO Sabres zone.
2:28 of 3rd period - Shot by Brock Nelson.
2:28 of 3rd period - Shot Blocked by Ivan Provorov.
2:32 of 3rd period - Shot by Brock Nelson.
2:32 of 3rd period - Stopped by Igor Shesterkin with a rebound.
2:34 of 3rd period - Shot by Brandon Saad.
2:34 of 3rd period - Stopped by Igor Shesterkin without a rebound.
2:35 of 3rd period - Nico Hischier wins face-off versus Steven Stamkos in BUFFALO Sabres zone.
2:49 of 3rd period - Carter Verhaeghe is hit by Jonas Brodin.
3:07 of 3rd period - Shot by Dougie Hamilton.
3:07 of 3rd period - Shot Misses the Net.
3:11 of 3rd period - Shot by Dougie Hamilton.
3:11 of 3rd period - Stopped by Igor Shesterkin with a rebound.
3:13 of 3rd period - Shot by Matthew Tkachuk.
3:13 of 3rd period - Goal by Matthew Tkachuk - BUFFALO Sabres : 4 - FLORIDA Panthers : 3.
3:14 of 3rd period - Vincent Trocheck wins face-off versus Jack Eichel in neutral zone.
4:11 of 3rd period - Curtis Lazar is hit by Brock Nelson and loses puck.
4:56 of 3rd period - Brett Kulak is hit by Jake Walman and loses puck.
5:12 of 3rd period - Icing by Jon Merrill.
5:13 of 3rd period - Adam Henrique wins face-off versus Nico Hischier in BUFFALO Sabres zone.
5:48 of 3rd period - Shot by Nico Hischier.
5:48 of 3rd period - Shot Misses the Net.
6:05 of 3rd period - Yegor Sharangovich is hit by Ivan Provorov and loses puck.
6:34 of 3rd period - Shot by Alex Tuch.
6:34 of 3rd period - Goal by Alex Tuch - BUFFALO Sabres : 5 - FLORIDA Panthers : 3.
6:34 of 3rd period - Cayden Primeau enters game.
6:35 of 3rd period - Steven Stamkos wins face-off versus Tage Thompson in neutral zone.
6:37 of 3rd period - Matthew Tkachuk is hit by Tage Thompson and loses puck.
6:47 of 3rd period - Icing by Josh Morrissey.
6:48 of 3rd period - Steven Stamkos wins face-off versus Nick Bjugstad in FLORIDA Panthers zone.
7:57 of 3rd period - Shot by Brock Nelson.
7:57 of 3rd period - Stopped by Igor Shesterkin without a rebound.
7:58 of 3rd period - Derek Grant wins face-off versus Jack Eichel in BUFFALO Sabres zone.
7:59 of 3rd period - Shot by Jordan Martinook.
7:59 of 3rd period - Shot Misses the Net.
8:23 of 3rd period - Shot by Jack Eichel.
8:23 of 3rd period - Shot Misses the Net.
8:25 of 3rd period - Shot by Seth Jarvis.
8:25 of 3rd period - Shot Blocked by Dougie Hamilton.
8:27 of 3rd period - Shot by Ivan Provorov.
8:27 of 3rd period - Shot Misses the Net.
8:29 of 3rd period - Shot by Jack Eichel.
8:29 of 3rd period - Stopped by Cayden Primeau with a rebound.
8:31 of 3rd period - Shot by Seth Jarvis.
8:31 of 3rd period - Shot Misses the Net.
8:41 of 3rd period - Shot by Jack Eichel.
8:41 of 3rd period - Shot Misses the Net.
8:43 of 3rd period - Shot by Jonas Brodin.
8:43 of 3rd period - Stopped by Cayden Primeau without a rebound.
8:44 of 3rd period - Nico Hischier wins face-off versus Matthew Tkachuk in FLORIDA Panthers zone.
8:44 of 3rd period - Valeri Nichushkin is hit by Ryan McDonagh and loses puck.
8:50 of 3rd period - Matthew Tkachuk is hit by Jakob Chychrun and loses puck.
9:10 of 3rd period - Nico Hischier is hit by Josh Morrissey and loses puck.
9:54 of 3rd period - Vincent Trocheck is hit by Ivan Provorov and loses puck.
10:00 of 3rd period - Ivan Provorov is hit by Jake Walman and loses puck.
10:04 of 3rd period - Logan O'Connor is hit by Jake Walman.
10:33 of 3rd period - Icing by Filip Hronek.
10:34 of 3rd period - Adam Henrique wins face-off versus Jack Eichel in BUFFALO Sabres zone.
10:37 of 3rd period - Shot by Yegor Sharangovich.
10:37 of 3rd period - Goal by Yegor Sharangovich - BUFFALO Sabres : 5 - FLORIDA Panthers : 4.
10:38 of 3rd period - Adam Henrique wins face-off versus Jack Eichel in neutral zone.
11:19 of 3rd period - Shot by Yegor Sharangovich.
11:19 of 3rd period - Stopped by Igor Shesterkin without a rebound.
11:20 of 3rd period - Steven Stamkos wins face-off versus Nico Hischier in BUFFALO Sabres zone.
11:53 of 3rd period - Shot by Nico Hischier.
11:53 of 3rd period - Deflect By Valeri Nichushkin.
11:53 of 3rd period - Shot Misses the Net.
11:55 of 3rd period - Shot by Nico Hischier.
11:55 of 3rd period - Stopped by Cayden Primeau without a rebound.
11:56 of 3rd period - Tage Thompson wins face-off versus Vincent Trocheck in FLORIDA Panthers zone.
11:56 of 3rd period - Tage Thompson is hit by Connor Murphy.
13:37 of 3rd period - Brady Skjei is hit by Seth Jarvis and loses puck.
13:47 of 3rd period - Icing by Ivan Provorov.
13:48 of 3rd period - Steven Stamkos wins face-off versus Jack Eichel in BUFFALO Sabres zone.
13:48 of 3rd period - Steven Stamkos is hit by Ivan Provorov.
13:57 of 3rd period - Carter Verhaeghe is hit by Jonas Brodin and loses puck.
14:11 of 3rd period - Shot by Steven Stamkos.
14:11 of 3rd period - Stopped by Igor Shesterkin without a rebound.
14:12 of 3rd period - Vincent Trocheck wins face-off versus Nico Hischier in BUFFALO Sabres zone.
14:22 of 3rd period - Icing by Nico Hischier.
14:23 of 3rd period - Steven Stamkos wins face-off versus Nico Hischier in BUFFALO Sabres zone.
14:37 of 3rd period - Minor Penalty to Matthew Tkachuk for Tripping.
14:38 of 3rd period - Nico Hischier wins face-off versus Vincent Trocheck in FLORIDA Panthers zone.
14:38 of 3rd period - Nico Hischier is hit by Ryan McDonagh.
14:46 of 3rd period - Shot by Ivan Provorov.
14:46 of 3rd period - Shot Blocked by Brady Skjei.
14:52 of 3rd period - Shot by Jonas Brodin.
14:52 of 3rd period - Stopped by Cayden Primeau without a rebound.
14:53 of 3rd period - Vincent Trocheck wins face-off versus Jack Eichel in FLORIDA Panthers zone.
14:53 of 3rd period - Vincent Trocheck is hit by Valeri Nichushkin.
15:37 of 3rd period - Shot by Tage Thompson.
15:37 of 3rd period - Shot Misses the Net.
16:43 of 3rd period - Shot by Matthew Tkachuk.
16:43 of 3rd period - Stopped by Igor Shesterkin without a rebound.
16:44 of 3rd period - Nick Bjugstad wins face-off versus Steven Stamkos in BUFFALO Sabres zone.
17:43 of 3rd period - Shot by Jon Merrill.
17:43 of 3rd period - Shot Misses the Net.
17:45 of 3rd period - Shot by Tage Thompson.
17:45 of 3rd period - Shot Misses the Net.
17:47 of 3rd period - Shot by Jakob Chychrun.
17:47 of 3rd period - Shot Misses the Net.
17:51 of 3rd period - Shot by Tage Thompson.
17:51 of 3rd period - Shot Blocked by Ryan McDonagh.
17:55 of 3rd period - Shot by Mason McTavish.
17:55 of 3rd period - Stopped by Cayden Primeau without a rebound.
17:56 of 3rd period - Vincent Trocheck wins face-off versus Jack Eichel in FLORIDA Panthers zone.
18:30 of 3rd period - Shot by Vincent Trocheck.
18:30 of 3rd period - Stopped by Igor Shesterkin with a rebound.
18:47 of 3rd period - Icing by Jonas Brodin.
18:48 of 3rd period - Adam Henrique wins face-off versus Jack Eichel in BUFFALO Sabres zone.
19:01 of 3rd period - FLORIDA Panthers, Cayden Primeau is pulled from the net.
19:10 of 3rd period - Eetu Luostarinen is hit by Ivan Provorov and loses puck.
19:20 of 3rd period - Shot by Connor Murphy.
19:20 of 3rd period - Stopped by Igor Shesterkin without a rebound.
19:21 of 3rd period - Nico Hischier wins face-off versus Steven Stamkos in BUFFALO Sabres zone.
19:33 of 3rd period - Shot by Steven Stamkos.
19:33 of 3rd period - Stopped by Igor Shesterkin with a rebound.
19:52 of 3rd period - Shot by Dougie Hamilton.
19:52 of 3rd period - Stopped by Igor Shesterkin without a rebound.
19:53 of 3rd period - Steven Stamkos wins face-off versus Nico Hischier in BUFFALO Sabres zone.
Goals for this period are 1 for BUFFALO Sabres vs 2 for FLORIDA Panthers.
Shots for this period are 6 for BUFFALO Sabres vs 13 for FLORIDA Panthers. Output by the SimonT Hockey Simulator (STHS) for Martin Benoit - Original Page W3C HTML5 Valid
Hockey Simulator - Hockey Simulation - Hockey Manager